 Dungeon Crawl Stone Soup version 0.26.0-10-g1f06aea511 (webtiles) character file.

Game seed: 13668399352951123536

310 Goblin1989 the Cudgeller (level 6, -11/47 HPs)
             Began as a Demonspawn Delver on Jan 24, 2021.
             Mangled by a gnoll
             ... wielding a +2 halberd of freezing
              (12 damage)
             ... on level 4 of the Dungeon.
             The game lasted 00:06:47 (4573 turns).

Goblin1989 the Cudgeller (Demonspawn Delver)        Turns: 4573, Time: 00:06:47

Health: -11/47     AC:  3    Str: 14    XL:     6   Next: 18%
Magic:  6/6        EV: 11    Int: 12    God:
Gold:   36         SH:  4    Dex: 14    Spells: 5/5 levels left

rFire    . . .     SeeInvis +   a - +0 mace
rCold    . . .     Faith    .   Y - +0 buckler
rNeg     . . .     Spirit   .   b - +0 leather armour
rPois    +         Reflect  .   (helmet restricted)
rElec    .         Harm     .   (no cloak)
rCorr    .         Rampage  .   (no gloves)
Will     .....                  (no boots)
Stlth    ++........             (no amulet)
HPRegen  0.15/turn              o - ring of poison resistance
MPRegen  0.10/turn              s - ring of see invisible (curse)

@: no status effects
A: horns 2, demonic guardian 1
a: no special abilities


You were on level 4 of the Dungeon.
You visited 1 branch of the dungeon, and saw 5 of its levels.

You collected 196 gold pieces.
You spent 160 gold pieces at shops.

Inventory:

Hand Weapons
 a - a +0 mace (weapon)
Missiles
 P - 24 poisoned darts (quivered)
Armour
 b - a +0 leather armour (worn)
 Y - a +0 buckler (worn)
Jewellery
 o - a ring of poison resistance (left hand)
 s - a cursed ring of see invisible (right hand)
 N - an uncursed ring of ice
Wands
 g - a wand of digging (3) {@v1}
Scrolls
 c - 2 scrolls of fog
 e - a scroll of fear
 I - a scroll of random uselessness {unknown}
 M - 4 scrolls of magic mapping
 O - 2 scrolls of remove curse {unknown}
 Q - 4 scrolls of identify {unknown}
 S - 5 scrolls of teleportation {unknown}
 T - 3 scrolls of amnesia {unknown}
 U - a scroll of blinking {unknown}
 X - a scroll of noise {unknown}
 Z - a scroll of enchant armour {unknown}
Potions
 f - a potion of haste {@q3,}
 J - a potion of heal wounds {@q2}
 K - a potion of lignification
 L - a potion of might {@q4}
 R - 2 potions of flight {unknown}
 V - 3 potions of curing {unknown}
 W - 2 potions of attraction


   Skills:
 - Level 3.0 Fighting
 + Level 5.6 Maces & Flails
 - Level 1.0 Throwing
 - Level 1.7 Dodging
 - Level 4.5 Stealth
 + Level 1.2 Shields


You had 5 spell levels left.
You didn't know any spells.
Your spell library contained the following spells:

 Spells                   Type           Power        Failure   Level
 Animate Skeleton         Necr           0%           52%         1
 Apportation              Tloc           0%           52%         1
 Corona                   Hex            0%           52%         1
 Summon Small Mammal      Summ           0%           52%         1


Dungeon Overview and Level Annotations

Branches:
Dungeon (5/15)
 Temple: D:4-7

Altars:
Dithmenos
Fedhas
Nemelex Xobeh

Shops:
D:4 !::


Innate Abilities, Weirdness & Mutations

You have a pair of horns on your head.
A weak demonic guardian rushes to your aid.


Message History

Your shadow imp hits the gnoll but does no damage.
The gnoll barely misses your shadow imp.
The gnoll shaman invokes the aid of its god against you.
You resist with some effort.
You swap places.
Your shadow imp hits the gnoll.
The gnoll completely misses your shadow imp.
Your shadow imp hits the gnoll but does no damage.
The gnoll hits your shadow imp with a +0 whip!
Your shadow imp hits the gnoll but does no damage.
Something hits your shadow imp but does no damage.
Your shadow imp barely misses the gnoll.
The gnoll hits your shadow imp with a +0 whip!
Your shadow imp dies!
Your shadow imp hits the gnoll.
Something hits your shadow imp.
Your white imp gestures at the gnoll.
The puff of frost hits the gnoll!
Your white imp gestures at the gnoll.
The puff of frost hits the gnoll!
The gnoll dies!
Your shadow imp disappears in a puff of smoke!
Your white imp gestures at the gnoll.
The puff of frost hits the gnoll!
The gnoll dies!
You swap places.
You block the gnoll sergeant's attack. The gnoll closely misses you.
You hit the gnoll sergeant but do no damage.
The gnoll sergeant blocks your attack. The gnoll sergeant misses you.
The gnoll hits you from afar with a +0 spear!
You take 7 damage, and have 40/47 hp.
You hit the gnoll sergeant.
You headbutt the gnoll sergeant, but do no damage.
The gnoll sergeant is lightly wounded.
You block the gnoll sergeant's attack.
You completely miss the gnoll sergeant.
The gnoll sergeant is lightly wounded.
The gnoll sergeant hits you but does no damage.
You hit the gnoll sergeant.
The gnoll sergeant is moderately wounded.
The gnoll sergeant hits you but does no damage.
The gnoll sergeant blocks your attack.
You headbutt the gnoll sergeant, but do no damage.
The gnoll sergeant is moderately wounded.
The gnoll sergeant barely misses you. The gnoll sergeant blocks your attack.
The gnoll sergeant is moderately wounded.
The gnoll sergeant hits you but does no damage.
The gnoll shaman calls upon its god to heal the gnoll sergeant.
The gnoll sergeant is healed somewhat.
The gnoll hits you with a +0 spear. The gnoll sergeant closely misses you.
You take 5 damage, and have 36/47 hp.
You hit the gnoll sergeant.
The gnoll sergeant is lightly wounded.
The gnoll hits your white imp but does no damage.
The gnoll sergeant hits you with a +0 trident of protection!
You take 11 damage, and have 25/47 hp.
MASSIVE DAMAGE!!
You are too injured to fight recklessly!
You are too injured to fight recklessly!
You are too injured to fight recklessly!
You are too injured to fight recklessly!
You are too injured to fight recklessly!
You are too injured to fight recklessly!
You are too injured to fight recklessly!
You are too injured to fight recklessly!
You are too injured to fight recklessly!
You are too injured to fight recklessly!
You are too injured to fight recklessly!
You are too injured to fight recklessly!
You are too injured to fight recklessly!
You are too injured to fight recklessly!
You are too injured to fight recklessly!
You are too injured to fight recklessly!
You are too injured to fight recklessly!
You are too injured to fight recklessly!
You are too injured to fight recklessly!
The gnoll sergeant blocks your attack.
The gnoll sergeant is lightly wounded.
The gnoll hits your white imp with a +0 spear.
The gnoll sergeant hits you with a +0 trident of protection.
* * * LOW HITPOINT WARNING * * *
You take 6 damage, and have 19/47 hp.
The gnoll sergeant blocks your attack.
The gnoll sergeant is lightly wounded.
The gnoll barely misses your white imp.
The gnoll sergeant hits you but does no damage.
You hit the gnoll sergeant but do no damage.
The gnoll sergeant is lightly wounded.
The gnoll hits you with a +0 spear.
* * * LOW HITPOINT WARNING * * *
The gnoll sergeant hits you with a +0 trident of protection.
* * * LOW HITPOINT WARNING * * *
The gnoll closely misses your white imp.
The gnoll shaman calls upon its god to heal the gnoll sergeant.
The gnoll sergeant's wounds heal themselves!
You take 9 damage, and have 10/47 hp.
You swap places.
The gnoll sergeant blocks your white imp's attack.
The gnoll sergeant hits you from afar with a +0 trident of protection!
* * * LOW HITPOINT WARNING * * *
The gnoll hits you from afar with a +2 halberd of freezing!
You die... ....███████████..██...█..████.███ .†................███.█....<<.... █.█████.......█.....█.█......████ ................██....█......█ █ █.████.....██.█.........█....█ █..██..███..█...██g........███ ██....██ ██.....gg...█....██ ████

█....█ ██████.███...)..████...
█....█ ██..g@5gggg...........
█....█ ███..██.█████g..█████...
██.██████...███.█..........██...
█.███....█████.█.......██.██...
█.█.....P.................g....
███....≈≈≈≈≈≈≈≈≈≈≈≈≈≈≈≈≈≈≈....≈
█....≈≈≈≈≈≈≈≈≈≈≈≈≈≈≈≈≈≈gg...≈
█....≈≈█████≈≈≈≈≈≈≈≈≈≈≈≈g...≈
█....≈≈█.g.█...........gg....


You could see a gnoll sergeant, a gnoll shaman, 7 gnolls and a friendly white
imp (summoned).

Vanquished Creatures
  2 bullfrog skeletons (D:4)
  An orc wizard (D:3)
  A worker ant (D:4)
  2 gnolls (D:4)
  6 adders
  An ufetubus (D:4)
  An ooze (D:2)
  An adder skeleton (D:2)
  3 worms
  3 dart slugs
  A leopard gecko (D:3)
  7 orcs
  4 bats
  5 giant cockroaches
  12 goblins
  10 hobgoblins
  14 jackals (D:4)
  6 kobolds
  5 frilled lizards
  4 rats
89 creatures vanquished.

Vanquished Creatures (collateral kills)
  2 gnolls (D:4)
2 creatures vanquished.

Grand Total: 91 creatures vanquished

Notes
Turn   | Place    | Note
-------+----------+-------------------------------------------
     0 | D:5      | Goblin1989 the Demonspawn Delver began the quest for the
                  | Orb.
     0 | D:5      | Reached XP level 1. HP: 18/18 MP: 1/1
    16 | D:5      | Noticed a worker ant
    49 | D:4      | Found Apnoavik's Book Emporium.
   139 | D:3      | Reached skill level 2 in Maces & Flails
   151 | D:4      | Found Quapari Koewk's Book Boutique.
   198 | D:2      | Reached skill level 1 in Throwing
   198 | D:2      | Gained mutation: You have a pair of small horns on your
                  | head. [demonic ancestry]
   198 | D:2      | Reached XP level 2. HP: 19/24 MP: 2/2
   967 | D:1      | Reached XP level 3. HP: 29/29 MP: 3/3
   986 | D:1      | Reached skill level 3 in Maces & Flails
  1789 | D:2      | Gained mutation: You have a pair of horns on your head.
                  | [demonic ancestry]
  1789 | D:2      | Reached XP level 4. HP: 34/35 MP: 4/4
  1863 | D:2      | Found a faded altar of an unknown god.
  1999 | D:2      | Reached skill level 4 in Maces & Flails
  2105 | D:2      | Found a sparkling altar of Nemelex Xobeh.
  2178 | D:2      | Found a blossoming altar of Fedhas.
  2752 | D:3      | Found a shadowy altar of Dithmenos.
  3145 | D:3      | Gained mutation: A weak demonic guardian rushes to your
                  | aid. [demonic ancestry]
  3145 | D:3      | Reached XP level 5. HP: 41/41 MP: 5/5
  3680 | D:4      | Reached skill level 5 in Maces & Flails
  3891 | D:4      | Found Maoqad's Distillery.
  3897 | D:4      | Bought a potion of might for 40 gold pieces
  3897 | D:4      | Bought a potion of lignification for 30 gold pieces
  3897 | D:4      | Bought a potion of heal wounds for 50 gold pieces
  3897 | D:4      | Bought a potion of attraction for 30 gold pieces
  3897 | D:4      | Bought a potion of degeneration for 10 gold pieces
  4180 | D:4      | Reached skill level 1 in Shields
  4180 | D:4      | Reached XP level 6. HP: 28/47 MP: 6/6
  4573 | D:4      | HP: 1/47 [gnoll sergeant/+0 trident of protection (9)]
  4573 | D:4      | Mangled by a gnoll

Illustrated notes

Levels and vault maps discovered:
D:1:      eino_arrival_cavern_c, layout_loops_ring, serial_glass,
          glass_columns_a, glass_columns_a, glass_columns_a, glass_columns_a,
          glass_columns_a, glass_columns_b, glass_columns_a, glass_columns_c,
          glass_columns_c, glass_columns_a, glass_columns_b, glass_columns_b,
          glass_columns_b, glass_columns_c
D:2:      layout_rooms, nemelex_xobeh_ov_fountains_minmay,
          chequers_ecumenical_altar_simple, fedhas_altar_fruit_tree
D:3:      layout_basic, grunt_dithmenos_smoke_and_mirrors, grunt_ministairs_10
D:4:      lemuel_castle_with_subvaults [lemuel_castle_interior_original],
          layout_rooms, serial_shops, nicolae_shop_stone, shop, shop,
          nicolae_shop_stone
D:5:      layout_basic, lemuel_round_altar, tso_altar,
          minmay_temple_entry_drinking_statues, serial_shops, shop, hex_medium,
          nicolae_qazlal_general_emergency

Skill      XL: |  1  2  3  4  5 |
---------------+----------------+-----
Maces & Flails | 2 3 4 5 |  5.6
Throwing       | 1 |  1.0
Shields        | 1 |  1.2
Fighting       | |  3.0
Dodging        | |  1.7
Stealth        | |  4.5

Action                   |  1- 3 |  4- 6 || total
-------------------------+-------+-------++-------
Melee: Mace              |   100 |   168 ||   268
       Headbutt          |    15 |    25 ||    40
Throw: Dart              |    12 |       ||    12
 Stab: Sleeping          |     8 |     8 ||    16
Armor: Leather armour    |    21 |    41 ||    62
Dodge: Dodged            |    63 |   102 ||   165
Block: Buckler           |       |    13 ||    13
